 Dungeon Crawl Stone Soup version 0.26-a0-1107-g6118521029 (webtiles) character file.

Game seed: 17061884373355474683

2928 vvl the Grappler (level 9, -6/85 HPs)
             Began as a Troll Monk on Dec 17, 2020.
             Mangled by a wolf (8 damage)
             ... on level 8 of the Dungeon.
             The game lasted 00:31:12 (6382 turns).

vvl the Grappler (Troll Monk)                       Turns: 6382, Time: 00:31:13

Health: -6/85      AC:  7    Str: 23    XL:     9   Next: 50%
Magic:  8/8        EV: 12    Int:  7    God:
Gold:   344        SH:  0    Dex: 12    Spells: 8/8 levels left

rFire    . . .     SeeInvis .     - Unarmed
rCold    . . .     Faith    .   (no shield)
rNeg     . . .     Spirit   .   a - +0 robe
rPois    .         Reflect  .   (helmet restricted)
rElec    .         Harm     .   M - +0 cloak
rCorr    .         Rampage  .   (gloves unavailable)
Will     .....                  (boots unavailable)
Stlth    ++........             (no amulet)
HPRegen  0.64/turn              (no ring)
MPRegen  0.11/turn              (no ring)

@: no status effects
A: large, unfitting armour, claws 3, regeneration 1, shaggy fur 1, tough skin 3
a: no special abilities


You were on level 8 of the Dungeon.
You visited 2 branches of the dungeon, and saw 9 of its levels.

You collected 451 gold pieces.
You spent 107 gold pieces at shops.

Inventory:

Hand Weapons
 b - the +8 spear of Dithmenos's Esteem {venom, +Inv rElec Will+ Str+4, unknown}
   (You found it on level 6 of the Dungeon)

   It poisons the flesh of those it strikes.
   It affects your strength (+4).
   It insulates you from electricity.
   It affects your willpower, your defense against some magical effects.
   It lets you turn invisible.
 s - a +2 vorpal war axe
 v - a +1 spear of venom
 z - a +0 war axe of distortion
 F - a +2 mace of holy wrath
 H - a +4 falchion
 I - a +0 arbalest
 J - a +1 mace of holy wrath
 L - a +4 quarterstaff of chaos
Armour
 a - a +0 robe (worn)
 K - a cursed +0 ring mail
 M - a +0 cloak (worn)
Jewellery
 f - an uncursed ring of magical power
Wands
 w - a wand of random effects (14)
 B - a wand of iceblast (13)
 N - a wand of digging (7)
Scrolls
 g - a scroll of fear {unknown}
 i - a scroll of immolation {unknown}
 j - 2 scrolls of fog {unknown}
 k - 3 scrolls of magic mapping
 m - 3 scrolls of remove curse
 o - 2 scrolls of teleportation
 p - 2 scrolls of enchant weapon {unknown}
 u - 2 scrolls of enchant armour
 y - 2 scrolls of noise {unknown}
 D - 2 scrolls of amnesia {unknown}
Potions
 c - 2 potions of mutation
 d - a potion of invisibility {unknown}
 e - 11 potions of curing
 h - 4 potions of attraction
 l - 3 potions of haste
 n - a potion of cancellation {unknown}
 r - a potion of heal wounds
 t - 2 potions of lignification
 x - 2 potions of might {unknown}
 A - a potion of brilliance {unknown}
 C - a potion of magic {unknown}
 E - 2 potions of degeneration {unknown}
 G - a potion of flight {unknown}


   Skills:
 * Level 4.5 Fighting
 * Level 5.5 Dodging
 - Level 1.0 Stealth
 * Level 11.2 Unarmed Combat


You had 8 spell levels left.
You didn't know any spells.
Your spell library was empty.

Dungeon Overview and Level Annotations

Branches:
Dungeon (8/15)             Temple (1/1) D:7
   Lair: D:8-11

Altars:
Ashenzari
Cheibriados
Elyvilon
Gozag
Hepliaklqana
Kikubaaqudgha
Makhleb
Nemelex Xobeh
Okawaru
Qazlal
Ru
Sif Muna
Trog
Uskayaw
Vehumet
Wu Jian
Xom
Yredelemnul
Zin
The Shining One

Shops:
D:5 *   D:6 (


Innate Abilities, Weirdness & Mutations

You are too large for most types of armour.
You have claws for hands.
Your natural rate of healing is unusually fast.
You are covered in fur. (AC +1)
You have extremely tough skin. (AC +3)


Message History

The bolt of electricity hits the electric eel.
The electric eel completely resists.
The wolf closely misses you.
You barely miss the electric eel.
The electric eel is almost dead.
A polar bear comes into view.
The wolf misses you.
The electric eel shoots out a bolt of lightning at you!
The bolt of electricity hits you! The bolt of electricity hits you.
* * * LOW HITPOINT WARNING * * *
The bolt of electricity misses the electric eel.
The electric eel shoots out a bolt of lightning at you!
The bolt of electricity hits you!
* * * LOW HITPOINT WARNING * * *
The wolf bites you.
* * * LOW HITPOINT WARNING * * *
The wolf bites you.
* * * LOW HITPOINT WARNING * * *
You barely miss the wolf. The wolf misses you.
You closely miss the wolf. The wolf bites you!
You die...

#.. #.....≈≈.≈:
#.#...≈h.≈.
#.#...≈.≈≈.
#.#..≈≈.≈..
#.#..≈≈....
#.#..≈≈...# .#.
#@#[.≈.....
.#.#
.#######h#.≈≈.#
.#.#
...........;###
.#..
...^...#.##≈#
#..##
##.......#≈#
#...#####
#..###..##≈
#.#.....#
#.##.##)# ≈#
#...###.# #.
...#.# ## #..##
#.# #.##.##.#


You could see a wolf.

Vanquished Creatures
  A two-headed ogre (D:8)
  A wyvern (D:8)
  A yak (D:8)
  An orc warrior (D:7)
  A sky beast (D:7)
  2 black bears
  A phantom (D:6)
  2 ogres
  A centaur (D:8)
  A big kobold (D:7)
  4 bullfrogs
  2 scorpions
  An electric eel (D:8)
  A howler monkey (D:4)
  2 jellies
  Crazy Yiuf (D:6)
  3 orc priests
  A gnoll shaman (D:5)
  3 orc wizards
  2 centaur skeletons
  2 iguanas (D:7)
  Terence (D:2)
  4 worker ants
  A bullfrog simulacrum (D:8)
  A hound zombie (D:6)
  4 gnolls (D:5)
  11 adders
  A shadow imp (D:5)
  A white imp (D:8)
  A worm (D:3)
  3 dart slugs
  3 leopard geckos
  21 orcs
  10 bats
  10 giant cockroaches
  9 goblins
  7 hobgoblins
  3 jackals (D:2)
  3 quokkas
  4 ball pythons
  8 frilled lizards
  A jackal skeleton (D:4)
  A jackal zombie (D:7)
  12 kobolds
  A kobold zombie (D:7)
  A quokka skeleton (D:6)
  10 rats
166 creatures vanquished.

Vanquished Creatures (others)
  A white imp (D:7)
  A fungus (D:7)
2 creatures vanquished.

Grand Total: 168 creatures vanquished

Notes
Turn   | Place    | Note
-------+----------+-------------------------------------------
     0 | D:1      | vvl the Troll Monk began the quest for the Orb.
     0 | D:1      | Reached XP level 1. HP: 22/22 MP: 0/0
   168 | D:1      | Reached XP level 2. HP: 29/29 MP: 1/1
   697 | D:1      | Found a shimmering altar of Xom.
   724 | D:2      | Reached XP level 3. HP: 35/36 MP: 2/2
   731 | D:2      | Noticed Terence
   743 | D:2      | Killed Terence
   744 | D:2      | Reached skill level 4 in Unarmed Combat
   772 | D:2      | Found a sparkling altar of Nemelex Xobeh.
   963 | D:2      | Reached XP level 4. HP: 37/44 MP: 3/3
  1506 | D:2      | Found a burning altar of Makhleb.
  1515 | D:2      | Found a radiant altar of Vehumet.
  1903 | D:3      | Reached XP level 5. HP: 52/52 MP: 4/4
  2045 | D:3      | Reached skill level 5 in Unarmed Combat
  2422 | D:4      | Found a stormy altar of Qazlal.
  2474 | D:4      | Found a snail-covered altar of Cheibriados.
  2805 | D:4      | Found a broken altar of Ashenzari.
  2946 | D:5      | Entered Level 5 of the Dungeon
  2951 | D:5      | Reached XP level 6. HP: 60/61 MP: 5/5
  2984 | D:5      | Reached skill level 6 in Unarmed Combat
  3557 | D:5      | Reached skill level 7 in Unarmed Combat
  3557 | D:5      | Reached XP level 7. HP: 30/67 MP: 6/6
  3902 | D:5      | Found Wigorche's Assorted Antiques.
  3905 | D:5      | Bought a scroll labelled QOYK WANAYREL for 22 gold pieces
  3905 | D:5      | Bought a potion of curing for 66 gold pieces
  3905 | D:5      | Bought a purple potion for 19 gold pieces
  4080 | D:6      | Got an iridescent spear
  4117 | D:6      | Found Jaohulyh's Antique Weapon Shoppe.
  4272 | D:6      | Found a bloodstained altar of Trog.
  4645 | D:6      | Found a runed translucent door.
  4646 | D:6      | Noticed Crazy Yiuf
  4656 | D:6      | Killed Crazy Yiuf
  4741 | D:7      | Reached skill level 8 in Unarmed Combat
  4784 | D:7      | Reached XP level 8. HP: 78/78 MP: 7/7
  4858 | D:7      | Found an iron altar of Okawaru.
  5013 | D:7      | Found an ancient bone altar of Kikubaaqudgha.
  5092 | D:7      | Reached skill level 9 in Unarmed Combat
  5187 | D:7      | Found a staircase to the Ecumenical Temple.
  5216 | Temple   | Entered the Ecumenical Temple
  5345 | D:7      | Found a runed translucent door.
  5357 | D:7      | Found a basalt altar of Yredelemnul.
  5384 | D:7      | Found a sacrificial altar of Ru.
  5890 | D:7      | Found a shimmering altar of Xom.
  6024 | D:8      | Reached skill level 10 in Unarmed Combat
  6105 | D:8      | Reached skill level 5 in Dodging
  6105 | D:8      | Reached XP level 9. HP: 84/84 MP: 8/8
  6121 | D:8      | Found a hazy altar of Hepliaklqana.
  6276 | D:8      | Noticed a two-headed ogre
  6290 | D:8      | Killed a two-headed ogre
  6293 | D:8      | Reached skill level 11 in Unarmed Combat
  6377 | D:8      | Noticed a polar bear
  6380 | D:8      | HP: 1/85 [wolf (5)]
  6382 | D:8      | Mangled by a wolf

Illustrated notes

Levels and vault maps discovered:
D:1:      dpeg_arrival_lava_altar, layout_loops_ring
D:2:      minmay_razor_zed, layout_basic, amethyst_overflow_temple_binary,
          nemelex_xobeh_ov_fountains_minmay, lemuel_flame_loot_1, uniq_terence
D:3:      layout_rooms, minmay_misc_feat_cross
D:4:      layout_basic, nicolae_overflow_crystal_walls, cheibriados_altar_1,
          kennysheep_mini_moat, kennysheep_generic_room_13
D:5:      layout_loops_corners, serial_shops, nicolae_shop_statue_plus
D:6:      lemuel_upstairs_altar, layout_cave_pools, serial_shops, shop,
          basic_altar, uniq_crazy_yiuf_cottage
D:7:      layout_basic, marbit_many_paths, kiku_gazebo_pond_becter,
          nicolae_ru_the_path_less_chosen, overflow_temple_1_default,
          temple_pool_b, dk_yredelemnul_ordeal
D:8:      layout_loops_ring, lemuel_coloured_pillars_altar,
          nicolae_overflow_hidden_temple, serial_ice, serial_ice_d,
          serial_ice_n, serial_ice_k, serial_ice_m,
          gammafunk_ghost_berserking_beasts, grunt_qazlal_clouds
Temple:   jpeg_temple_island

Skill      XL: |  1  2  3  4  5  6  7  8  9 |
---------------+----------------------------+-----
Unarmed Combat | 4 5 7 8 10 11 | 11.2
Dodging        | 3 4 5 |  5.5
Fighting       | 3 4 |  4.5
Stealth        | |  1.0

Action                   |  1- 3 |  4- 6 |  7- 9 || total
-------------------------+-------+-------+-------++-------
Melee: Unarmed           |    76 |   188 |   174 ||   438
       Punch             |       |     2 |     9 ||    11
  Use: Scroll            |       |       |    11 ||    11
       Potion            |       |       |     4 ||     4
 Stab: Sleeping          |     4 |     3 |     1 ||     8
Armor: Robe              |    26 |    63 |    46 ||   135
Dodge: Dodged            |    30 |   125 |    89 ||   244

Table legend: (Time is in decaauts)
 A = Elapsed time spent in this place.
 B = Non-inter-level travel time spent in this place.
 C = Inter-level travel time spent in this place.
 D = Time resting spent in this place.
 E = Time spent auto-exploring this place.
 F = Levels seen in this place.
 G = Mean time per level.
                   A        B        C        D        E       F      G
               +--------+--------+--------+--------+--------+-----+--------+
         Total |   6364 |   5642 |    722 |    576 |   4042 |   9 |  707.1 |
       Dungeon |   6288 |   5596 |    692 |    576 |   3997 |   8 |  786.0 |
        Temple |     76 |     46 |     30 |      0 |     45 |   1 |   76.0 |
               +--------+--------+--------+--------+--------+-----+--------+

Top non-repeatable levels by time:
     D:7: 1129 daAuts
     D:5: 1126 daAuts
     D:2: 947 daAuts
     D:1: 718 daAuts
     D:6: 674 daAuts
     D:4: 673 daAuts
     D:3: 587 daAuts
     D:8: 432 daAuts
  Temple: 76 daAuts
